Map: Thunderbird LE

Players

souL - Winner!

  • Race: Terran Terran
  • Spawn Location: 11:00

iAsonu

  • Race: Zerg Zerg
  • Spawn Location: 5:00

Event: 2019 WCS Summer

VOD

Have the link to the VOD?

Description

Time

  • Played on: July 12, 2019, 3:40 p.m.
  • Length: 17:58

All games in this series

Show
View Real Time Build Order
Export as new Build Order

souL Terran - Winner!

Build Orders: Gas First Reaper Expand 

Get SALT Encoding   

  12  0:00  SCV  
  13  0:13  SCV  
  14  0:17  Supply Depot  
  14  0:25  SCV  
  15  0:28  Refinery  
  15  0:39  SCV  
  16  0:44  Barracks  
  16  0:51  SCV  
  17  1:04  SCV  
  18  1:17  SCV  
  19  1:31  Orbital Command  
  19  1:32  Reaper  
  20  1:42  Command Center  
  20  1:54  Factory  
  20  1:57  SCV  
  21  2:07  Barracks Reactor  
  21  2:10  SCV  
  21  2:13  Supply Depot  
  22  2:16  Refinery  
  22  2:22  SCV  
  23  2:35  SCV  
  24  2:47  Starport, SCV  
  25  2:53  Hellion x2  
  25  2:57  Orbital Command  
  29  2:59  SCV  
  30  3:06  Marine  
  30  3:11  SCV  
  32  3:14  Hellion x2  
  36  3:23  SCV  
  36  3:26  Marine  
  38  3:27  SCV, Fusion Core  
  39  3:35  Refinery x2  
  39  3:36  SCV  
  39  3:39  SCV  
  41  3:47  Starport Tech Lab  
  41  3:48  Supply Depot  
  41  3:49  SCV  
  41  3:51  SCV  
  43  4:01  SCV  
  46  4:03  SCV  
  45  4:12  Supply Depot  
  45  4:13  SCV  
  45  4:14  Battlecruiser  
  45  4:16  SCV  
  53  4:25  SCV  
  53  4:29  Weapon Refit  
  54  4:33  SCV  
  54  4:35  Supply Depot  
  54  4:37  SCV  
  56  4:38  Starport  
  56  4:46  Marine, SCV  
  56  4:50  SCV  
  59  4:58  SCV, Supply Depot  
  59  5:00  Supply Depot  
  59  5:02  SCV  
  60  5:10  SCV  
  61  5:14  SCV  
  61  5:15  Starport Tech Lab  
  61  5:18  Battlecruiser  
  68  5:23  SCV  
  68  5:28  Supply Depot  
  69  5:34  Battlecruiser  
  75  5:35  SCV  
  75  5:36  SCV  
  75  5:40  Supply Depot  
  77  5:48  SCV  
  77  5:49  SCV  
  79  5:54  Command Center  
  79  6:00  SCV  
  79  6:02  Barracks Tech Lab  
  79  6:03  SCV  
  81  6:06  Supply Depot  
  81  6:07  Hellion x2  
  85  6:12  SCV  
  86  6:18  SCV  
  86  6:22  Battlecruiser  
  86  6:24  Stimpack, Marine, SCV  
  95  6:29  Supply Depot  
  95  6:30  SCV  
  96  6:41  Battlecruiser  
  96  6:43  SCV  
  103  6:53  Marine  
  103  6:54  Barracks, SCV  
  105  6:55  Barracks, Supply Depot  
  105  6:58  SCV  
  106  7:08  SCV  
  107  7:11  Orbital Command  
  107  7:13  Engineering Bay, SCV  
  107  7:15  Engineering Bay  
  108  7:20  SCV  
  109  7:25  SCV  
  116  7:32  SCV  
  116  7:33  Marine  
  118  7:37  SCV  
  119  7:44  SCV  
  119  7:49  SCV  
  119  7:50  Barracks Reactor  
  127  8:01  Terran Infantry Weapons Level 1, Terran Infantry Armor Level 1  
  127  8:04  Marine  
  130  8:05  SCV  
  130  8:06  Barracks Reactor  
  130  8:09  SCV  
  130  8:17  Supply Depot  
  130  8:19  Barracks  
  130  8:21  Medivac x2  
  130  8:22  Marine, SCV  
  130  8:24  Barracks, SCV x2  
  130  8:26  Missile Turret  
  126  8:27  Command Center  
  126  8:31  Missile Turret  
  126  8:32  Marine x2  
  128  8:35  Widow Mine x2, SCV  
  128  8:36  Combat Shield  
  128  8:40  Marine  
  134  8:43  Supply Depot  
  134  8:46  Refinery  
  134  8:48  Factory  
  134  8:49  Marine, Refinery  
  134  8:50  Marine  
  136  8:57  Marine, Widow Mine  
  136  8:58  Marine x2  
  141  9:07  Marine x2, Medivac x2  
  141  9:08  Barracks Reactor  
  147  9:15  Barracks, Marine x2  
  147  9:16  Marine, Armory  
  150  9:17  Barracks  
  150  9:19  Barracks Reactor  
  150  9:24  Supply Depot  
  150  9:25  Marine x2, Supply Depot x2  
  152  9:33  Marine x3  
  155  9:43  Marine x2  
  155  9:44  Marine  
  157  9:48  Marine  
  157  9:51  Marine x3  
  149  9:55  Concussive Shells  
  149  9:56  Marine  
  149  9:59  Marine  
  144  10:00  Medivac x2  
  144  10:01  Marine x2  
  144  10:02  Marine  
  144  10:03  Marine  
  144  10:06  Marine x2  
  154  10:09  Terran Infantry Weapons Level 2, Marine x3, Terran Infantry Armor Level 2  
  154  10:13  Widow Mine  
  154  10:14  Marine, Widow Mine  
  155  10:15  Factory Tech Lab  
  155  10:17  Marine  
  155  10:19  Marine x2  
  155  10:20  Marine  
  153  10:22  Terran Vehicle And Ship Armor Level 1  
  153  10:24  Marine  
  153  10:26  Marine  
  153  10:27  Marauder  
  147  10:30  Medivac x2  
  147  10:34  Drilling Claws  
  147  10:35  Widow Mine  
  153  10:36  SCV  
  153  10:37  SCV x2  
  153  10:38  Command Center  
  156  10:50  Planetary Fortress  
  156  10:52  Widow Mine x2, Sensor Tower, Missile Turret  
  156  10:56  Widow Mine  
  162  11:00  Medivac x2  
  167  11:11  Marine, Barracks Tech Lab x2  
  166  11:12  Marauder  
  166  11:14  Widow Mine x2  
  173  11:23  Widow Mine  
  175  11:30  Medivac x2  
  175  11:31  Marauder x2, Marine  
  178  11:33  Marauder  
  178  11:38  Marine  
  178  11:46  Command Center, Supply Depot  
  183  11:55  Marauder x3  
  183  12:00  Medivac  
  183  12:02  Marine  
  183  12:05  Marine  
  159  12:08  Marine  
  159  12:11  Marine x5  
  154  12:16  Marauder  
  154  12:17  Marauder x2  
  154  12:18  Widow Mine  
  154  12:19  Marine  
  154  12:23  Marine  
  154  12:26  Marine, Widow Mine  
  154  12:27  Widow Mine  
  154  12:29  Marine x5, Medivac  
  165  12:30  Medivac  
  167  12:37  Marine  
  167  12:38  Terran Infantry Weapons Level 3, Marauder x3  
  167  12:39  Widow Mine  
  167  12:41  Marine  
  175  12:44  Marine  
  175  12:48  Widow Mine x2  
  180  12:54  Missile Turret x2  
  180  12:59  Marine, Marauder x3, Medivac  
  189  13:07  Terran Infantry Armor Level 3  
  189  13:14  Orbital Command, Refinery  
  189  13:17  Refinery  
  189  13:18  Refinery  
  189  13:21  Marauder x3  
  189  13:22  Command Center  
  189  13:25  Marine  
  186  13:37  Marine  
  186  13:38  Medivac x2  
  189  13:42  Marauder x3  
  189  13:44  Marine  
  189  13:46  Marine  
  193  13:51  SCV x4  
  193  13:55  Widow Mine  
  198  14:03  SCV x2  
  198  14:15  SCV x2  
  196  14:19  Marine x2  
  196  14:20  Marauder  
  196  14:22  Marine  
  200  14:36  Starport x2, Command Center  
  200  14:37  Command Center  
  198  15:00  Marauder  
  198  15:03  Marauder  
  174  15:08  Marauder, Marine  
  174  15:09  Marine  
  174  15:10  Marine  
  174  15:12  Marine x5  
  162  15:14  Planetary Fortress  
  162  15:20  Widow Mine  
  150  15:22  Marauder  
  150  15:23  Widow Mine  
  150  15:24  Marauder  
  150  15:26  Marine  
  150  15:27  Marine  
  150  15:28  Marine  
  150  15:29  Marine  
  150  15:30  Marauder, Marine x4  
  150  15:32  Widow Mine  
  160  15:37  Refinery, Command Center  
  160  15:42  Widow Mine  
  162  15:43  Marine, Marauder  
  162  15:44  Widow Mine  
  162  15:45  Marine x2  
  162  15:46  Marine  
  162  15:47  Marine x4  
  174  15:50  Marine  
  174  15:51  Marauder  
  174  15:55  Starport Tech Lab, Starport Reactor  
  177  16:03  Marauder, Widow Mine x2  
  183  16:04  Orbital Command, Marauder  
  183  16:06  Widow Mine  
  183  16:10  Marine, Command Center  
  188  16:11  Command Center  
  188  16:13  Marauder  
  188  16:14  Marine  
  188  16:16  Marine  
  188  16:17  Marine  
  192  16:25  Marine, Marauder  
  195  16:30  Marine  
  181  16:33  Marine  
  181  16:34  Marauder  
  181  16:35  Marine  
  181  16:36  Marine  
  180  16:41  Widow Mine x2  
  180  16:42  Marine  
  180  16:43  Marauder  
  177  16:49  Marine  
  181  16:54  Planetary Fortress  
  181  17:00  Viking x5  
  183  17:04  Ghost Academy  
  137  17:30  Marine x6  
  137  17:35  Sensor Tower  
  152  17:42  Missile Turret  
Show
View Real Time Build Order
Export as new Build Order

iAsonu Zerg 

Build Orders: Hatch First, Muta Ling Bane 

Get SALT Encoding   

  12  0:01  Drone  
  13  0:13  Overlord  
  13  0:16  Drone  
  14  0:32  Drone x2  
  16  0:48  Hatchery  
  15  0:51  Drone  
  15  0:55  Drone  
  17  0:57  Drone  
  18  1:08  Extractor  
  17  1:13  Spawning Pool  
  17  1:16  Drone  
  17  1:20  Drone  
  18  1:29  Drone  
  19  1:40  Drone  
  20  1:51  Drone  
  21  1:59  Queen  
  21  2:00  Queen  
  26  2:01  Zergling x4  
  27  2:16  Hatchery  
  27  2:18  Overlord  
  27  2:22  Drone  
  27  2:30  Drone  
  27  2:31  Metabolic Boost  
  28  2:39  Drone x2  
  28  2:43  Queen  
  32  2:46  Drone  
  32  2:51  Overlord  
  33  2:52  Drone  
  33  2:55  Drone  
  33  2:57  Drone  
  36  3:09  Drone  
  37  3:14  Drone x2  
  37  3:17  Drone  
  37  3:18  Drone  
  41  3:20  Queen  
  43  3:29  Queen, Overlord  
  43  3:33  Drone x4  
  49  3:40  Zergling x2  
  50  3:47  Overlord  
  50  3:50  Drone  
  50  3:51  Zergling x2  
  50  3:52  Zergling x4  
  50  3:55  Drone  
  55  3:56  Drone  
  55  3:58  Queen  
  55  4:00  Lair  
  57  4:06  Queen, Overlord  
  57  4:08  Drone  
  60  4:10  Drone x2  
  60  4:14  Drone  
  60  4:16  Drone  
  64  4:24  Drone  
  65  4:26  Baneling Nest  
  65  4:27  Drone  
  65  4:28  Drone x3  
  68  4:32  Extractor x2  
  68  4:35  Zergling x12  
  72  4:38  Drone  
  72  4:41  Overlord x2  
  73  4:47  Spore Crawler  
  73  4:48  Spore Crawler  
  71  4:53  Drone x2  
  71  4:58  Spore Crawler  
  72  5:00  Drone x4  
  72  5:04  Drone x3  
  79  5:12  Drone x5  
  83  5:16  Spore Crawler  
  83  5:17  Overlord  
  83  5:20  Spire  
  81  5:27  Overlord  
  80  5:28  Drone  
  79  5:37  Drone x9  
  88  5:45  Drone  
  88  5:46  Drone  
  88  5:47  Drone  
  88  5:48  Drone  
  88  5:49  Drone  
  94  5:50  Drone  
  94  5:52  Overseer, Extractor  
  94  5:54  Hatchery  
  91  5:57  Extractor  
  91  5:58  Extractor  
  91  6:02  Overlord  
  89  6:08  Overlord  
  89  6:11  Overlord  
  89  6:12  Evolution Chamber  
  89  6:14  Evolution Chamber  
  89  6:18  Zergling x4  
  89  6:20  Overlord  
  89  6:21  Drone x3  
  92  6:25  Drone  
  92  6:26  Drone  
  92  6:29  Overlord  
  94  6:33  Mutalisk x5  
  94  6:35  Mutalisk x2  
  108  6:43  Corruptor  
  108  6:44  Queen x2  
  113  6:50  Spore Crawler  
  113  6:51  Corruptor, Spore Crawler  
  111  7:00  Corruptor  
  110  7:01  Spore Crawler  
  107  7:11  Mutalisk  
  105  7:16  Corruptor  
  105  7:23  Corruptor  
  105  7:26  Drone x10  
  115  7:34  Corruptor  
  117  7:43  Corruptor  
  118  7:46  Extractor  
  118  7:48  Drone x3  
  118  7:50  Extractor  
  117  7:51  Corruptor  
  119  7:59  Overlord  
  119  8:03  Overlord  
  119  8:04  Overlord  
  119  8:07  Corruptor x2  
  123  8:16  Drone x5, Roach Warren  
  123  8:18  Overlord  
  127  8:20  Extractor  
  127  8:21  Corruptor  
  128  8:29  Corruptor  
  130  8:36  Corruptor x2  
  134  8:47  Corruptor x2  
  138  8:51  Overlord  
  138  8:53  Zergling x24  
  138  8:55  Zerg Melee Weapons Level 1  
  150  8:58  Zerg Ground Armor Level 1  
  150  9:00  Overlord  
  150  9:04  Zergling x4  
  150  9:08  Overlord  
  152  9:10  Corruptor x2  
  156  9:21  Centrifical Hooks  
  156  9:23  Corruptor x2  
  157  9:28  Baneling x4  
  157  9:29  Hatchery  
  158  9:39  Baneling x6  
  140  9:46  Corruptor x2  
  140  9:49  Zergling x34  
  142  9:59  Zergling x18  
  148  10:09  Zergling x6  
  148  10:17  Zergling x8  
  148  10:20  Baneling x4  
  145  10:24  Zergling x26  
  157  10:31  Infestation Pit, Baneling  
  157  10:32  Baneling x9, Zergling x2  
  157  10:33  Zergling x4  
  157  10:34  Overseer  
  159  10:39  Nydus Network  
  158  10:45  Zergling x2  
  158  10:46  Zergling x14  
  158  10:48  Zerg Flyer Weapons Level 1  
  166  10:53  Zergling x10  
  166  10:56  Baneling x6  
  171  10:59  Zergling x6  
  170  11:12  Zerg Ground Armor Level 2, Hive, Zerg Melee Weapons Level 2  
  170  11:17  Overseer  
  170  11:18  Overseer, Pneumatized Carapace  
  170  11:28  Zergling x6  
  170  11:29  Zergling x12  
  170  11:31  Drone x4  
  179  11:42  Baneling x16  
  179  11:49  Baneling x8  
  179  11:52  Nydus Canal  
  173  12:07  Zergling x30  
  165  12:14  Zergling x14  
  163  12:20  Zergling x26  
  169  12:23  Nydus Canal  
  169  12:27  Corruptor x2  
  162  12:54  Hatchery  
  162  12:56  Greater Spire, Adrenal Glands  
  161  13:06  Zergling x14  
  168  13:20  Overlord  
  168  13:22  Hatchery  
  167  13:30  Zergling x4  
  157  13:35  Zergling x4  
  157  13:41  Corruptor x10  
  148  13:48  Nydus Canal  
  158  14:02  Overseer  
  158  14:03  Overseer  
  158  14:08  Zergling x26  
  171  14:16  Zergling x10  
  172  14:21  Brood Lord x3  
  172  14:22  Baneling x10  
  171  14:25  Overlord  
  171  14:29  Brood Lord  
  173  14:34  Spore Crawler  
  170  14:39  Baneling x7  
  170  14:42  Corruptor x4  
  170  14:45  Nydus Canal  
  178  14:52  Zergling x18  
  185  14:56  Baneling x6  
  178  15:01  Zergling x8  
  156  15:08  Zergling x10  
  136  15:18  Zergling x14  
  131  15:28  Baneling x14  
  123  15:32  Baneling x3  
  123  15:42  Drone x3  
  124  15:53  Zergling x16  
  132  16:12  Zergling x24  
  132  16:13  Zergling x2  
  132  16:17  Zergling x2  
  132  16:18  Zergling x2  
  143  16:21  Baneling  
  143  16:22  Brood Lord x2  
  139  16:29  Brood Lord  
  123  17:00  Hatchery  
  120  17:10  Baneling x6  
  120  17:21  Zergling x12  
  118  17:28  Zergling x2  
  108  17:33  Zergling x2  
Tags
 
Add a new tag
Caveats
  • Supply blocks, unpowered buildings, or Contaminate may cause inaccurate times.
  • Supply counts are checked every 10 seconds.